 Dungeon Sprint DCSS version 0.24-a0-57-gac335f2 (webtiles) character file.

Game seed: 14504597402607245361

4173 emperorscorpion the Carver (level 10, -3/99 HPs)
             Began as a Minotaur Fighter on Feb 4, 2019.
             Was a Follower of Uskayaw.
             Slain by a catoblepas (12 damage)
             ... while petrified by you
             ... in the Dungeon (Sprint IX: "|||||||||||||||||||||||||||||").
             The game lasted 00:03:26 (951 turns).

emperorscorpion the Carver (Minotaur Fighter)        Turns: 951, Time: 00:03:27

Health: -3/99      AC: 17    Str: 24    XL:     10   Next: 7%
Magic:  15/15      EV:  2    Int:  5    God:    Uskayaw [*.....]
Gold:   0          SH:  0    Dex: 13    Spells: 9/9 levels left

rFire    . . .     SeeInvis .   a - +2 scimitar (holy)
rCold    . . .     Gourm    .   c - +0 shield
rNeg     + + +     Faith    .   u - +0 plate armour
rPois    ∞         Spirit   .   (helmet restricted)
rElec    .         Reflect  .   (no cloak)
rCorr    .         Harm     .   (no gloves)
MR       .....     NoTele   +   (no boots)
Stlth    ..........             (no amulet)
HPRegen  0.26/turn              v - +2 ring of protection
MPRegen  0.14/turn              w - +3 ring of dexterity

@: petrified, very slightly contaminated
A: retaliatory headbutt, horns 2
a: Stomp, Renounce Religion


You were in the Dungeon.
You worshipped Uskayaw.
Uskayaw was aware of your devotion.
You were not hungry.

You visited 1 branch

Inventory:

Hand Weapons
 a - a +2 scimitar of holy wrath (weapon)
 b - a +2 rapier of electrocution
 r - a +0 long sword
 s - the +3 war axe "Guprer" {chop, rC+ Dex+4}
   (You found it in the Dungeon)

   It inflicts extra damage upon your enemies.
   It affects your dexterity (+4).
   It protects you from cold.
Armour
 c - a +0 shield (worn)
 q - a +0 scale mail
 t - a +0 helmet
 u - a +0 plate armour (worn)
Magical Staves
 p - an uncursed staff of energy
Jewellery
 v - a +2 ring of protection (left hand)
 w - a +3 ring of dexterity (right hand)
Wands
 o - a wand of iceblast (8)
Scrolls
 k - a scroll of blinking
 m - 6 scrolls of remove curse
 n - 2 scrolls of amnesia
 y - a scroll of fog
Potions
 d - 2 potions of might
 e - 6 potions of curing
 g - 5 potions of heal wounds
 h - a potion of haste
 i - 4 potions of magic
 j - a potion of invisibility
 l - a potion of resistance
 x - a potion of agility
Comestibles
 f - 3 rations
 z - 6 chunks of flesh


   Skills:
 + Level 12.4 Fighting
 + Level 14.2 Long Blades
 + Level 12.7 Armour
 + Level 3.4 Dodging
 + Level 4.8 Stealth
 + Level 11.6 Shields
 * Level 9.0 Invocations


You had 9 spell levels left.
You didn't know any spells.
Your spell library was empty.

Dungeon Overview and Level Annotations

Branches:
Dungeon (1/1)

Altars:
Cheibriados
Dithmenos
Elyvilon
Fedhas
Gozag
Hepliaklqana
Kikubaaqudgha
Makhleb
Nemelex Xobeh
Okawaru
Qazlal
Ru
Sif Muna
Trog
Uskayaw
Vehumet
Wu Jian
Xom
Yredelemnul
Zin
The Shining One
Beogh
Jiyva
Lugonu


Innate Abilities, Weirdness & Mutations

You reflexively headbutt those who attack you in melee.
You have a pair of horns on your head.


Message History

The scroll dissolves into smoke.
The catoblepas gores you!
You have turned to stone.
The catoblepas gores you!
The catoblepas breathes a plume of calcifying dust at you.
The blast of calcifying dust hits the catoblepas.
The blast of calcifying dust hits you but does no damage.
The catoblepas gores you!
The catoblepas breathes a plume of calcifying dust at you.
The blast of calcifying dust hits the catoblepas but does no damage.
The blast of calcifying dust hits you but does no damage.
The catoblepas gores you!! The catoblepas gores you!
The death yak is no longer petrified.
The catoblepas gores you!!
* * * LOW HITPOINT WARNING * * *
The catoblepas gores you!!
* * * LOW HITPOINT WARNING * * *
The catoblepas gores you.
* * * LOW HITPOINT WARNING * * *
The catoblepas gores you!!
You die...

▓▓▓▓▓▓▓▓▓▓▓▓▓▓▓▓▓▓▓▓▓▓▓▓▓▓▓▓
YYY.Y.YYYYY@§§.÷†.......÷.†.
▓▓▓▓▓▓▓▓▓▓▓▓▓▓▓▓▓▓▓▓▓▓▓▓▓▓▓▓▓▓▓▓▓
.................................
▓▓▓▓▓▓▓▓▓▓▓▓▓▓▓▓▓▓▓▓▓▓▓▓▓▓▓▓▓▓▓▓▓
))(..[.)...'_____________________
▓▓▓▓▓▓▓▓▓▓▓▓▓▓▓▓▓▓▓▓▓▓▓▓▓▓▓▓▓▓▓▓▓


You could see 3 death yaks and 3 catoblepae.

Vanquished Creatures
  A manticore (D)
  A spiny frog (D)
  3 komodo dragons (D)
  A troll (D)
  2 blink frogs (D)
  2 slime creatures (D)
  2 hippogriffs (D)
  A yak (D)
  A wyvern (D)
  A vampire mosquito (D)
  A water moccasin (D)
  A porcupine (D)
  A sky beast (D)
  2 wolves (D)
  A centaur (D)
  5 bullfrogs (D)
  A howler monkey (D)
  2 orc wizards (D)
  2 worker ants (D)
  An adder (D)
  A gnoll (D)
  A shadow imp (D)
  A leopard gecko (D)
  An orc (D)
  A kobold (D)
  A ball python (D)
  2 rats (D)
40 creatures vanquished.

Vanquished Creatures (others)
  A spatial maelstrom (D)
1 creature vanquished.

Grand Total: 41 creatures vanquished

Notes
Turn   | Place    | Note
-------+----------+-------------------------------------------
     0 | D        | emperorscorpion the Minotaur Fighter began the quest for
                  | the Orb.
     0 | D        | Reached XP level 1. HP: 19/19 MP: 0/0
     5 | D        | Banished a spatial maelstrom
   128 | D        | Noticed a howler monkey
   128 | D        | Noticed a sky beast
   128 | D        | Noticed a worker ant
   130 | D        | Killed a worker ant
   130 | D        | Reached skill level 5 in Fighting
   130 | D        | Reached skill level 3 in Long Blades
   130 | D        | Reached skill level 5 in Armour
   130 | D        | Reached skill level 5 in Shields
   130 | D        | Reached XP level 2. HP: 29/29 MP: 1/1
   130 | D        | Reached XP level 3. HP: 36/36 MP: 2/2
   134 | D        | Killed a sky beast
   134 | D        | Reached skill level 5 in Long Blades
   134 | D        | Reached XP level 4. HP: 47/47 MP: 3/3
   135 | D        | Reached XP level 5. HP: 52/52 MP: 4/4
   147 | D        | Found a roughly hewn altar of Beogh.
   147 | D        | Found a snail-covered altar of Cheibriados.
   147 | D        | Found a shadowy altar of Dithmenos.
   147 | D        | Found a white marble altar of Elyvilon.
   147 | D        | Found a blossoming altar of Fedhas.
   147 | D        | Found an opulent altar of Gozag.
   148 | D        | Found a hazy altar of Hepliaklqana.
   149 | D        | Found a viscous altar of Jiyva.
   150 | D        | Found an ancient bone altar of Kikubaaqudgha.
   151 | D        | Found a corrupted altar of Lugonu.
   152 | D        | Found a burning altar of Makhleb.
   153 | D        | Found a sparkling altar of Nemelex Xobeh.
   154 | D        | Found an iron altar of Okawaru.
   155 | D        | Found a stormy altar of Qazlal.
   156 | D        | Found a sacrificial altar of Ru.
   157 | D        | Found a deep blue altar of Sif Muna.
   158 | D        | Found a bloodstained altar of Trog.
   159 | D        | Found a hide-covered altar of Uskayaw.
   160 | D        | Found a radiant altar of Vehumet.
   161 | D        | Found an ornate altar of the Wu Jian Council.
   162 | D        | Found a shimmering altar of Xom.
   163 | D        | Found a basalt altar of Yredelemnul.
   164 | D        | Found a glowing silver altar of Zin.
   165 | D        | Found a glowing golden altar of the Shining One.
   167 | D        | Became a worshipper of Uskayaw the Reveler
   184 | D        | Got the +3 war axe "Guprer" {chop, rC+ Dex+4}
   207 | D        | Noticed a centaur
   208 | D        | Reached * piety under Uskayaw
   209 | D        | Reached skill level 6 in Long Blades
   210 | D        | Reached ** piety under Uskayaw
   218 | D        | Reached *** piety under Uskayaw
   219 | D        | Killed a centaur
   219 | D        | Reached skill level 7 in Long Blades
   219 | D        | Reached skill level 1 in Dodging
   219 | D        | Reached XP level 6. HP: 59/62 MP: 5/5
   219 | D        | Reached **** piety under Uskayaw
   222 | D        | Reached ***** piety under Uskayaw
   223 | D        | Reached skill level 1 in Invocations
   246 | D        | Noticed a slime creature
   246 | D        | Noticed a manticore
   246 | D        | Noticed a slime creature
   246 | D        | Noticed a troll
   246 | D        | Noticed a vampire mosquito
   254 | D        | Killed a vampire mosquito
   254 | D        | Reached skill level 8 in Long Blades
   254 | D        | Reached skill level 1 in Stealth
   256 | D        | Reached XP level 7. HP: 56/70 MP: 5/8
   261 | D        | Killed a troll
   261 | D        | Reached skill level 9 in Long Blades
   261 | D        | Reached skill level 10 in Armour
   266 | D        | Killed a slime creature
   266 | D        | Reached skill level 10 in Fighting
   266 | D        | Reached skill level 10 in Long Blades
   266 | D        | Reached ****** piety under Uskayaw
   276 | D        | Killed a manticore
   276 | D        | Reached skill level 11 in Long Blades
   276 | D        | Reached skill level 10 in Shields
   276 | D        | Reached skill level 5 in Invocations
   276 | D        | Reached XP level 8. HP: 16/80 MP: 7/11
   283 | D        | Killed a slime creature
   683 | D        | Noticed a komodo dragon
   683 | D        | Noticed a blink frog
   683 | D        | Noticed a blink frog
   688 | D        | Killed a blink frog
   694 | D        | Reached skill level 12 in Long Blades
   704 | D        | Killed a blink frog
   704 | D        | Reached XP level 9. HP: 71/89 MP: 11/13
   708 | D        | Killed a komodo dragon
   714 | D        | Reached skill level 13 in Long Blades
   858 | D        | Noticed a komodo dragon
   859 | D        | Noticed a spiny frog
   867 | D        | Noticed a komodo dragon
   869 | D        | Killed a komodo dragon
   884 | D        | Killed a spiny frog
   887 | D        | Reached skill level 14 in Long Blades
   887 | D        | Reached XP level 10. HP: 93/97 MP: 15/15
   901 | D        | Noticed a death yak
   901 | D        | Noticed a catoblepas
   901 | D        | Noticed a death yak
   901 | D        | Noticed a catoblepas
   901 | D        | Noticed a catoblepas
   930 | D        | Noticed a death yak
   935 | D        | Noticed a death yak
   951 | D        | Slain by a catoblepas

Vault maps used:
D:        linesprint

Skill      XL: |  1  2  3  4  5  6  7  8  9 10 |
---------------+-------------------------------+-----
Fighting       | 5 7 8 9 10 11 12 | 12.4
Armour         | 5 7 9 10 11 12 | 12.7
Shields        | 5 6 7 8 9 10 11 | 11.6
Long Blades    | 3 5 7 8 11 12 14 | 14.2
Dodging        | 1 2 3 |  3.4
Invocations    | 3 5 7 8 9 |  9.0
Stealth        | 1 2 3 4 |  4.8

Action                   |  1- 3 |  4- 6 |  7- 9 | 10-12 || total
-------------------------+-------+-------+-------+-------++-------
Melee: Long sword        |    19 |     6 |       |       ||    25
       Headbutt          |     4 |     2 |    23 |     2 ||    31
       Scimitar          |       |    29 |    83 |     2 ||   114
Evoke: Wand              |       |       |       |     2 ||     2
  Use: Potion            |     1 |       |       |       ||     1
       Scroll            |       |       |       |     2 ||     2
 Stab: Paralysed         |       |     2 |     4 |       ||     6
Armor: Scale mail        |     9 |     2 |       |       ||    11
       Plate armour      |       |     9 |    33 |     8 ||    50
Dodge: Dodged            |     3 |     8 |    21 |       ||    32
Block: Shield            |     8 |    15 |    39 |       ||    62
       Rpst.: Long sword |     1 |       |       |       ||     1
       Scimitar          |       |     2 |     7 |       ||     9

Table legend:
 A = Non-vault XP
 B = Vault XP
 C = Vault XP percentage of total XP
 D = Non-vault monster count
 E = Vault monster count
 F = Vault count percentage of total count
                 A         B        C        D         E       F
            +---------+---------+-------+---------+---------+-------
      Total |       0 |    5962 | 100.0 |       0 |      40 | 100.0
            +---------+---------+-------+---------+---------+-------
          D |       0 |    5962 | 100.0 |       0 |      40 | 100.0
            +---------+---------+-------+---------+---------+-------
